 Dungeon Crawl Stone Soup version 0.16-a0-2640-g4d92b31 (webtiles) character file.

12135 Leibowitz the Nimble (level 11, -4/94 HPs)
             Began as a Demigod Monk on Nov 22, 2014.
             Slain by an eight-headed hydra (10 damage)
             ... on level 12 of the Dungeon on Nov 23, 2014.
             The game lasted 00:39:26 (10661 turns).

Leibowitz the Nimble (Demigod Monk)                Turns: 10661, Time: 00:39:27

Health: -4/94      AC: 13    Str: 25    XL:     11   Next: 33%
Magic:  18/18      EV: 12    Int: 14    God:
Gold:   276        SH:  0    Dex: 20    Spells: 0 memorised, 10 levels left

rFire  + . .     SeeInvis .     K - +3 quarterstaff of the Lettuce {flame, rElec rF+ Dex+2}
rCold  + . .     Clarity  .     x - +1 chain mail {rPois}
rNeg   . . .     SustAb   +     (no shield)
rPois  +         Gourm    .     (no helmet)
rElec  +         Spirit   .     (no cloak)
rCorr  .         Warding  .     B - +1 pair of gloves
rMut   .         Stasis   .     (no boots)
MR     +....                    q - amulet of regeneration
Stlth  ..........               Q - ring of teleport control
                                v - ring of protection from cold

@: mighty, very slightly contaminated, invisible, somewhat resistant to hostile
enchantments, extremely unstealthy
A: sustain abilities
a: Evoke Teleport Control


You were on level 12 of the Dungeon.
You were not hungry.

You visited 1 branch of the dungeon, and saw 12 of its levels.
You also visited: Sewer.

You collected 681 gold pieces.
You spent 405 gold pieces at shops.

Inventory:

Hand weapons
 a - a +9 war axe of chopping
 p - a +1 short sword of venom
 K - the +3 quarterstaff of the Lettuce (weapon) {flame, rElec rF+ Dex+2}
   (You found it on level 8 of the Dungeon)

   It emits flame when wielded, causing extra injury to most foes and up to
   double damage against particularly susceptible opponents.
   It affects your dexterity (+2).
   It protects you from fire.
   It insulates you from electricity.
Missiles
 l - 5 throwing nets (quivered)
Armour
 x - a +1 chain mail of poison resistance (worn)
 B - a +1 pair of gloves (worn)
 G - a +0 shield
Jewellery
 q - an amulet of regeneration (around neck)
 v - a ring of protection from cold (left hand)
 Q - a ring of teleport control (right hand)
Magical devices
 e - a wand of digging (15)
 m - a wand of magic darts (29)
 r - a wand of frost (39)
 w - a wand of magic darts (23)
 D - a wand of fire (5)
 F - a wand of heal wounds (4)
 J - a wand of lightning (6)
 M - a wand of frost (29)
Scrolls
 d - 10 scrolls of identify
 j - 9 scrolls of remove curse
 u - 7 scrolls of teleportation
 y - 2 scrolls of fog
 C - 3 scrolls of blinking
 E - 2 scrolls of enchant weapon
 H - 2 scrolls of amnesia
 I - a scroll of recharging
Potions
 c - 2 potions of agility
 n - 4 potions of might
 s - 2 potions of magic
 t - 3 potions of restore abilities
 z - a potion of brilliance
 A - 6 potions of curing
 L - 2 potions of resistance {unknown}
Books
 N - a book of Frost

   Spells                             Type                      Level
   Freeze                             Ice                          1
   Throw Frost                        Conjuration/Ice              2
   Ozocubu's Armour                   Charms/Ice                   3
   Throw Icicle                       Conjuration/Ice              4
   Summon Ice Beast                   Ice/Summoning                4
   Condensation Shield                Ice                          4
Comestibles
 b - 9 bread rations
 f - 5 meat rations
 g - 8 fruits
 k - a slice of pizza
 o - a royal jelly
 P - 2 beef jerkies


   Skills:
 + Level 8.2 Fighting
 + Level 8.4 Axes
 + Level 0.3 Staves
 + Level 0.5 Throwing
 + Level 5.3 Armour
 + Level 9.1 Dodging
 + Level 3.9 Stealth
 * Level 5.6 Shields
 + Level 5.1 Unarmed Combat


You had 10 spell levels left.
You didn't know any spells.

Dungeon Overview and Level Annotations

Branches:
Dungeon (12/15)            Temple (0/1) D:5            Lair (0/8) D:11
    Orc: D:9-12

Shops:
D:5 [


Innate Abilities, Weirdness & Mutations

Your attributes are resistant to harm.


Message History

The eight-headed hydra bites you!
* * * LOW HITPOINT WARNING * * *
The eight-headed hydra closely misses you.
The eight-headed hydra bites you!
* * * LOW HITPOINT WARNING * * *
The eight-headed hydra closely misses you.
The eight-headed hydra bites you.
* * * LOW HITPOINT WARNING * * *
The eight-headed hydra bites you but does no damage.
The eight-headed hydra completely misses you.
The crimson imp barely misses you.
The eight-headed hydra barely misses you.
The eight-headed hydra bites you!
* * * LOW HITPOINT WARNING * * *
The eight-headed hydra closely misses you.
The eight-headed hydra bites you.
* * * LOW HITPOINT WARNING * * *
The eight-headed hydra barely misses you.
The eight-headed hydra bites you!
You die...

#########
#.........
#.........#
#.........#
+.........#
#.........#
#.D@......+
#.<5......#
#####+#####


You could see an eight-headed hydra and a crimson imp.

Vanquished Creatures
  An unseen horror (D:10)
  A hill giant (D:11)
  An ugly thing (D:11)
  2 kobold demonologists (D:11)
  Grinder (D:3)
  A two-headed ogre (D:10)
  14 yaks
  A deep elf mage (D:10)
  A spriggan (D:9)
  A wraith (D:11)
  Eustachio (D:4)
  4 hungry ghosts
  4 hippogriffs (D:11)
  Edmund (D:5)
  Menkaure (D:5)
  A yellow wasp (D:11)
  2 water moccasins
  3 orc warriors
  4 sky beasts
  2 ice beasts (D:7)
  A mottled dragon (D:11)
  3 phantoms
  5 centaurs
  A crocodile (D:11)
  4 ogres
  Blork the orc (D:5)
  A big kobold (D:11)
  5 giant frogs
  3 scorpions
  5 wights (D:11)
  2 goliath beetles
  6 crimson imps
  A yellow wasp zombie (D:5)
  5 hounds
  2 quasits
  3 centaur zombies
  A jelly (D:7)
  7 orc priests
  4 centaur skeletons
  7 iguanas
  A gnoll shaman (D:3)
  7 orc wizards
  Natasha (thrice) (D:3)
  3 worker ants
  Ijyb (D:3)
  Jessica (D:2)
  Terence (D:3)
  A worker ant zombie (D:11)
  Robin (D:3)
  13 gnolls
  18 adders
  4 giant mites
  12 river rats
  3 worms
  2 shadow imps
  An ufetubus (D:4)
  An adder skeleton (D:8)
  5 giant geckos
  34 orcs
  14 ball pythons
  7 giant cockroaches
  23 goblins
  28 hobgoblins
  10 jackals
  3 oozes (Sewer)
  6 quokkas
  16 bats
  3 giant newts
  A jackal skeleton (D:4)
  14 kobolds
  52 rats
403 creatures vanquished.

Vanquished Creatures (others)
  3 butterflies (D:3)
3 creatures vanquished.

Grand Total: 406 creatures vanquished

Notes
Turn   | Place    | Note
--------------------------------------------------------------
     0 | D:1      | Leibowitz, the Demigod Monk, began the quest for the Orb.
     0 | D:1      | Reached XP level 1. HP: 18/18 MP: 2/2
   193 | D:1      | Reached XP level 2. HP: 19/25 MP: 3/3
   733 | D:2      | Reached skill level 4 in Unarmed Combat
   770 | D:2      | Reached XP level 3. HP: 11/31 MP: 5/5
   794 | D:2      | Noticed Jessica
   844 | D:2      | Killed Jessica
  1163 | D:2      | Reached XP level 4. HP: 38/38 MP: 7/7
  1402 | D:3      | Found a glowing silver altar of Zin.
  1403 | D:3      | Found an ancient bone altar of Kikubaaqudgha.
  1405 | D:3      | Found a basalt altar of Yredelemnul.
  1417 | D:3      | Found a shadowy altar of Dithmenos.
  1562 | D:3      | Found an iron altar of Okawaru.
  1564 | D:3      | Found an opulent altar of Gozag.
  1707 | D:3      | Noticed Ijyb
  1707 | D:3      | Noticed Natasha
  1721 | D:3      | Killed Natasha
  1721 | D:3      | Reached XP level 5. HP: 33/45 MP: 8/8
  1753 | D:3      | Killed Ijyb
  1885 | D:3      | Found a sacrificial altar of Ru.
  2050 | D:3      | Noticed Terence
  2062 | D:3      | Killed Terence
  2119 | D:3      | Noticed Grinder
  2120 | D:3      | Paralysed by Grinder for 5 turns
  2133 | D:3      | Killed Grinder
  2133 | D:3      | Reached skill level 5 in Unarmed Combat
  2133 | D:3      | Reached XP level 6. HP: 32/52 MP: 10/10
  2204 | D:3      | Noticed Robin
  2204 | D:3      | Noticed Natasha
  2209 | D:3      | Killed Natasha
  2220 | D:3      | Killed Robin
  2343 | D:3      | Found a sparkling altar of Nemelex Xobeh.
  2400 | D:3      | Noticed Natasha
  2412 | D:3      | Killed Natasha
  2551 | D:4      | Reached skill level 1 in Axes
  2557 | D:4      | Found a glowing drain.
  2568 | Sewer    | Entered a sewer
  2784 | Sewer    | Reached XP level 7. HP: 41/60 MP: 12/12
  2933 | Sewer    | Reached skill level 5 in Dodging
  3074 | D:4      | HP: 2/60 [orc priest/flail (7)]
  3114 | D:5      | Entered Level 5 of the Dungeon
  3114 | D:5      | Found a staircase to the Ecumenical Temple.
  3121 | D:5      | Reached skill level 5 in Fighting
  3454 | D:4      | Reached skill level 6 in Dodging
  3558 | D:4      | Noticed Eustachio
  3575 | D:4      | Killed Eustachio
  3575 | D:4      | Reached XP level 8. HP: 44/68 MP: 13/13
  4218 | D:5      | Noticed Blork the orc
  4231 | D:5      | Killed Blork the orc
  4340 | D:5      | Noticed Edmund
  4340 | D:5      | Noticed Menkaure
  4353 | D:5      | Killed Menkaure
  4353 | D:5      | Reached skill level 7 in Dodging
  4363 | D:5      | Killed Edmund
  4481 | D:5      | Found Qiriejit's Antique Armour Boutique.
  4488 | D:5      | Bought a jewelled scale mail for 162 gold pieces
  4499 | D:5      | Identified the +3 scale mail of Hairiness {Dex+2} (You bought it in a shop on level 5 of the Dungeon)
  4598 | D:5      | Bought a pair of runed gloves for 81 gold pieces
  5540 | D:6      | Reached XP level 9. HP: 73/75 MP: 15/15
  5651 | D:6      | Reached skill level 1 in Armour
  5652 | D:6      | Reached skill level 5 in Axes
  5822 | D:6      | Reached skill level 1 in Shields
  6361 | D:7      | Reached skill level 8 in Dodging
  6651 | D:8      | Identified a scroll of acquirement
  6737 | D:8      | Got a crude quarterstaff
  6743 | D:8      | Identified the cursed +3 quarterstaff of the Lettuce {flame, rElec rF+ Dex+2} (You found it on level 8 of the Dungeon)
  6931 | D:5      | Bought a faintly humming ring mail for 162 gold pieces
  6942 | D:5      | Identified the +1 ring mail of the Lair of Beasts {MR+ Int+4} (You bought it in a shop on level 5 of the Dungeon)
  7468 | D:9      | Reached XP level 10. HP: 59/84 MP: 17/17
  8518 | D:10     | Entered Level 10 of the Dungeon
  8816 | D:10     | Killed an unseen horror
  9667 | D:11     | Reached XP level 11. HP: 72/93 MP: 18/18
  9930 | D:11     | Found a staircase to the Lair.
  9930 | D:11     | Noticed a hill giant
  9943 | D:11     | Killed a hill giant
  9943 | D:11     | Reached skill level 5 in Shields
 10052 | D:11     | Reached skill level 5 in Armour
 10096 | D:11     | Reached skill level 9 in Dodging
 10307 | D:11     | Noticed a white ugly thing
 10313 | D:11     | HP: 4/94 [white ugly thing (7)]
 10323 | D:11     | Killed a white ugly thing
 10641 | D:12     | Noticed an eight-headed hydra
 10661 | D:12     | Slain by an eight-headed hydra

Action                   |  1- 3 |  4- 6 |  7- 9 | 10-12 || total
-------------------------+-------+-------+-------+-------++-------
Melee: Unarmed           |   164 |   112 |       |       ||   276
       Mace              |     3 |       |       |       ||     3
       War axe           |       |   113 |   379 |   259 ||   751
       Quarterstaff      |       |       |     3 |     3 ||     6
Throw: Throwing net      |       |     1 |     1 |       ||     2
  Use: Scroll            |     6 |     6 |    16 |       ||    28
       Potion            |     3 |     3 |     5 |     5 ||    16
 Stab: Sleeping          |     2 |     3 |     1 |       ||     6
       Held in net/web   |       |     1 |     1 |       ||     2
       Distracted        |       |     1 |       |       ||     1
       Invisible         |       |       |       |     3 ||     3
  Eat: Chunk             |     1 |     7 |    20 |    14 ||    42
       Beef jerky        |       |       |     1 |       ||     1
